 Dungeon Crawl Stone Soup version 0.31.0-11-ge490571c62 (webtiles) character file.

Game seed: 17593806619087484974

92036 Arcadio the Warrior (level 16, -15/113 HPs)
             Began as a Gargoyle Gladiator on Jan 31, 2024.
             Was the Champion of Zin.
             Blown up by an orb spider (37 damage)
             ... with an orb of destruction
             ... on level 1 of the Spider Nest.
             The game lasted 01:18:17 (33452 turns).

Arcadio the Warrior (Gargoyle Gladiator)           Turns: 33452, Time: 01:18:18

Health: -15/113    AC: 37    Str: 26    XL:     16   Next: 4%
Magic:  22/24      EV: 11    Int:  9    God:    Zin [******]
Gold:   483        SH:  8    Dex: 11    Spells: 15/15 levels left

rFire   + . .        j - +3 morningstar (protect)
rCold   + . .        R - +1 kite shield {reflect}
rNeg    + . .        V - +8 chain mail {ponderous}
rPois   ∞            c - +0 helmet
rElec   +            (no cloak)
rCorr   .            T - +0 pair of gloves
SInv    .            H - +0 pair of boots
Will    +....        n - amulet of regeneration Stlth
                     U - ring of protection from cold
HPRegen 1.18/turn    p - ring of protection from fire
MPRegen 0.19/turn

%: reflection
@: flying, studying 2 skills, slow
A: sickness immunity, AC +12, big wings, negative energy resistance 1,
electricity resistance, torment resistance 1, petrification resistance
a: Renounce Religion, Recite, Vitalisation, Imprison, Sanctuary, Donate Gold


You were on level 1 of the Spider Nest.
You worshipped Zin.
Zin was exalted by your worship.
You visited 5 branches of the dungeon, and saw 24 of its levels.
You also visited: Ossuary.

You collected 3222 gold pieces.
You spent 2519 gold pieces at shops.
You donated 220 gold pieces to Zin.

Inventory:

Hand Weapons
 j - a +3 morningstar of protection (weapon)
Missiles
 g - 4 javelins (quivered)
Armour
 c - a +0 helmet (worn)
 d - a +2 plate armour of poison resistance
 H - a +0 pair of boots (worn)
 R - a +1 kite shield of reflection (worn)
 T - a +0 pair of gloves (worn)
 V - a +8 chain mail of ponderousness (worn)
Jewellery
 a - an amulet of guardian spirit
 f - a ring of resist corrosion
 i - a ring of positive energy
 l - a ring of positive energy
 n - an amulet of regeneration (around neck)
 p - a ring of protection from fire (right hand)
 v - a ring of ice
 U - a ring of protection from cold (left hand)
Wands
 e - a wand of mindburst (13)
 G - a wand of roots (17)
 J - a wand of charming (29)
 K - a wand of digging (3)
 P - a wand of flame (31)
Scrolls
 b - 2 scrolls of fog
 q - 3 scrolls of noise
 r - a scroll of identify
 t - 6 scrolls of blinking
 u - 2 scrolls of revelation
 w - a scroll of fear
 y - 2 scrolls of poison
 B - 8 scrolls of teleportation
 C - 3 scrolls of immolation
Potions
 h - 2 potions of invisibility
 k - 5 potions of enlightenment
 m - a potion of heal wounds
 o - a potion of might
 z - 5 potions of ambrosia
 A - 2 potions of brilliance
 D - 7 potions of mutation
 E - 4 potions of attraction
 M - 9 potions of curing
 N - a potion of cancellation
 O - a potion of magic


   Skills:
 + Level 17.6 Fighting
 + Level 15.1 Maces & Flails
 - Level 1.7 Throwing
 + Level 14.0 Armour
 - Level 8.7 Dodging
 + Level 11.8 Invocations


You had 15 spell levels left.
You didn't know any spells.
Your spell library contained the following spells:

 Spells                   Type           Power      Damage    Failure   Level
 Apportation              Tloc           0%         N/A       97%         1
 Foxfire                  Conj/Fire      0%         2x1d4     97%         1
 Magic Dart               Conj           0%         1d3       97%         1
 Necrotise                Necr           0%         1d4       97%         1
 Sting                    Conj/Alch      0%         1d3       97%         1
 Summon Small Mammal      Summ           0%         N/A       97%         1
 Call Imp                 Summ           0%         N/A       99%         2
 Scorch                   Fire           0%         2d5       99%         2
 Searing Ray              Conj           0%         2d4       99%         2
 Inner Flame              Hex/Fire       0%         N/A       100%        3
 Summon Ice Beast         Ice/Summ       0%         N/A       100%        3
 Vampiric Draining        Necr           0%         2d6       100%        3
 Flame Wave               Conj/Fire      0%         2d4       100%        4
 Fulminant Prism          Conj/Alch      0%         3d5       100%        4
 Martyr's Knell           Necr/Summ      0%         N/A       100%        4
 Curse of Agony           Necr           0%         N/A       100%        5
 Irradiate                Conj/Alch      0%         3d11      100%        5
 Summon Mana Viper        Hex/Summ       0%         N/A       100%        5
 Plasma Beam              Fire/Air       0%         2x1d10    100%        6
 Starburst                Conj/Fire      0%         6d3       100%        6
 Summon Cactus Giant      Summ           0%         N/A       100%        6
 Haunt                    Necr/Summ      0%         N/A       100%        7
 Monstrous Menagerie      Summ           0%         N/A       100%        7
 Summon Hydra             Summ           0%         N/A       100%        7
 Borgnjor's Revivificati  Necr           0%         N/A       100%        8
 Ignition                 Fire           0%         3d3       100%        8
 Death's Door             Necr           0%         N/A       100%        9
 Sublimation of Blood     Necr           Unusable   N/A       N/A         2

Dungeon Overview and Level Annotations

Branches:
Dungeon (15/15)            Temple (1/1) D:7            Lair (5/5) D:9
 Shoals (0/4) Lair:2       Spider (1/4) Lair:3        Slime (0/5) Lair:5
    Orc (2/2) D:12            Elf (0/3) Orc:2        Vaults (0/5) D:14
 Depths (0/4) D:15        Ossuary (visited)

Altars:
Ashenzari
Cheibriados
Dithmenos
Elyvilon
Fedhas
Gozag
Hepliaklqana
Kikubaaqudgha
Makhleb
Nemelex Xobeh
Okawaru
Qazlal
Ru
Sif Muna
Trog
Uskayaw
Vehumet
Wu Jian
Xom
Yredelemnul
Zin
The Shining One
Jiyva

Shops:
D:1 !   D:7 [=?   D:9 ?([   D:10 [   D:13 *=   D:14 :   Orc:1 !   Orc:2 =*[(*

Annotations:
D:8 3 runed translucent doors
D:14 2 transporters
Orc:2 1 runed translucent door, PAMOHbI411's ghost, journeyman FeSu


Innate Abilities, Weirdness & Mutations

You are immune to sickness and miasma.
Your stone body is resilient. (AC +12)
You are immune to poison.
Your large and strong wings let you fly.
You resist negative energy. (rN+)
You are resistant to electric shocks. (rElec)
You are resistant to unholy torment.
You are immune to petrification.


Message History

Press: ? - help, Dir - look around, f - activate You hear a choir sing!
The monsters scatter in all directions!
The jumping spider's soul is no longer bound.
The orb spider begins to weave its threads into a brightly glowing ball.
You see here a tarantella corpse.
The orb spider weaves a glowing orb of energy.
An orb of destruction comes into view.
The jumping spider leaps!
You barely miss the jumping spider.
The jumping spider leaps!
The orb spider pulsates with a strange energy.
The orb of destruction hits you!!!
* * * LOW HITPOINT WARNING * * *
The jumping spider leaps!
You feel much better. You block the jumping spider's attack.
The jumping spider bites you but does no damage.
The jumping spider pounces on you!
You are caught in a web!
The jumping spider bites you but does no damage.
The jumping spider leaps!
You struggle to detach yourself from the web.
The jumping spider barely misses you.
The jumping spider bites you but does no damage.
The orb spider weaves a glowing orb of energy.
An orb of destruction comes into view.
You struggle to detach yourself from the web.
The jumping spider pounces on you but does no damage.
The jumping spider bites you but does no damage.
The jumping spider pounces on you but does no damage.
The jumping spider bites you but does no damage.
The jumping spider leaps!
The web tears apart.
The jumping spider pounces on you.
You are caught in a web!
The jumping spider bites you but does no damage.
The jumping spider leaps!
The web tears apart.
You block the jumping spider's attack.
The jumping spider bites you but does no damage.
The jumping spider closely misses you. The jumping spider bites you.
* * * LOW HITPOINT WARNING * * *
The orb of destruction hits you!!!
You die...

#.#######...# #.......##....
#....###s...#.^^..#....##..#
#...........##.#..#.....####
#.^.........##### #...#.####
#..........##...###..#####..
#.....†.#.##.........#......
#....######.)..............#
#....○s○°..s................
##.##†..○☼○@................
#####.....s..#.......>..†..
##......##...###.....##
#......#.^.###......^.
##.....#..####........
####...######......#..
#......# #......[##.
#......# ####.....#.
##....## #####.##


You could see an orb spider and 2 jumping spiders.

Vanquished Creatures
  Jorgrun (D:12)
  An orc warlord (Orc:2)
  A stone giant (D:15)
  The ghost of t4s4d4r the Thaumaturge, a journeyman DjEE of the Shining One (D:12)
  Josephine (D:12)
  An entropy weaver (Spider:1)
  An entropy weaver (shapeshifter) (D:13)
  Fannar (D:11)
  A rakshasa (D:15)
  A catoblepas (D:9)
  A radroach (Spider:1)
  3 hydras
  A boulder beetle (D:14)
  4 centaur warriors
  2 death knights
  A two-headed ogre (D:13)
  A demonic crawler (Spider:1)
  3 orc high priests
  Sonja (Lair:2)
  A skyshark (Lair:5)
  A pharaoh ant (Spider:1)
  9 skeletal warriors
  An arcanist (D:15)
  An orb spider (Lair:3)
  3 slime creatures
  A deep elf zephyrmancer (D:14)
  A phantasmal warrior (D:14)
  3 deep elf pyromancers
  6 orc sorcerers
  An orc knight (Orc:2)
  3 wolf spiders (Spider:1)
  5 ugly things (D:14)
  4 manticores
  5 cyclopes
  A moth of wrath (Spider:1)
  3 meliai (D:13)
  3 black mambas
  2 torpor snails
  15 elephants
  11 cane toads
  A kobold blastminer (Orc:2)
  A gargoyle (D:13)
  2 unseen horrors
  A rime drake (shapeshifter) (D:14)
  5 rime drakes
  4 centaur skeletons (D:14)
  3 freezing wraiths
  2 efreet
  2 kobold demonologists (D:10)
  8 komodo dragons
  3 yaktaurs (D:14)
  3 tengu conjurers
  3 polar bears
  11 trolls
  4 hornets (Lair:5)
  6 tarantellas
  7 blink frogs
  A raiju (shapeshifter) (D:13)
  A dream sheep (Lair:5)
  5 jumping spiders (Spider:1)
  2 culicivoras (Spider:1)
  12 spriggans (Lair:5)
  7 wraiths
  43 yaks
  A wyvern (Lair:3)
  2 shadows
  Eustachio (D:6)
  2 basilisks
  A warg (Orc:2)
  10 redbacks
  3 steam dragons
  9 vampire mosquitoes
  14 water moccasins
  An acid dragon (D:13)
  6 black bears
  2 laughing skulls (D:12)
  24 orc warriors
  23 wolves
  7 ogres
  6 boggarts
  12 centaurs
  4 elf zombies
  7 kobold brigands
  18 bullfrogs
  A necrophage (D:4)
  A gnoll sergeant (D:9)
  2 scorpions
  8 wights
  3 wyvern zombies (D:7)
  7 killer bees (D:9)
  5 howler monkeys
  A spectral bullfrog (Ossuary)
  2 electric eels (Lair:3)
  3 bombardier beetles
  3 centaur zombies
  5 human zombies
  7 hounds
  3 jellies
  21 orc priests
  3 human skeletons (D:4)
  3 sleepcaps
  Terence (D:2)
  9 iguanas
  2 scorpion zombies (D:4)
  4 hell rats (Lair:3)
  24 orc wizards
  2 crocodile zombies (Ossuary)
  4 spectral hounds (Ossuary)
  2 hound zombies (D:4)
  3 mummies (Ossuary)
  3 howler monkey zombies
  5 adders
  7 gnolls
  2 hound simulacra (Ossuary)
  2 shadow imps (D:4)
  A white imp (D:7)
  2 spectral adders (Ossuary)
  3 adder zombies (D:4)
  4 spectral gnolls (Ossuary)
  2 dart slugs
  2 ribbon worms
  An adder simulacrum (Ossuary)
  60 orcs
  10 endoplasms
  2 giant cockroaches (D:1)
  6 gnoll zombies (Ossuary)
  4 hobgoblins
  7 jackals
  27 kobolds
  A quokka (D:1)
  5 ball pythons
  A bat (D:1)
  A frilled lizard (D:5)
  4 gnoll simulacra (Ossuary)
  4 goblins
  3 jackal simulacra (Ossuary)
  5 kobold zombies (Ossuary)
  An orc skeleton (D:4)
  5 orc zombies (Ossuary)
  7 rats
  A spectral jackal (Ossuary)
714 creatures vanquished.

Vanquished Creatures (others)
  A deep elf knight (D:14)
  A deep elf pyromancer (D:14)
2 creatures vanquished.

Grand Total: 716 creatures vanquished

Notes
Turn   | Place    | Note
-------+----------+-------------------------------------------
     0 | D:1      | Arcadio the Gargoyle Gladiator began the quest for the Orb.
     0 | D:1      | Reached XP level 1. HP: 12/12 MP: 1/1
   340 | D:1      | Reached XP level 2. HP: 18/18 MP: 2/2
   370 | D:1      | Found Boxeruug's Distillery.
   975 | D:2      | Noticed Terence
   988 | D:2      | Killed Terence
   989 | D:2      | Reached skill level 3 in Fighting
   989 | D:2      | Reached XP level 3. HP: 19/23 MP: 3/3
  1164 | D:2      | Reached XP level 4. HP: 27/28 MP: 4/4
  1865 | D:3      | Reached XP level 5. HP: 33/33 MP: 5/5
  2020 | D:3      | Found a shadowy altar of Dithmenos.
  2293 | D:3      | Reached skill level 4 in Fighting
  2430 | D:3      | Found a faded altar of an unknown god.
  2648 | D:4      | Found a stormy altar of Qazlal.
  2651 | D:4      | Found a glowing golden altar of the Shining One.
  2688 | D:4      | Reached XP level 6. HP: 39/39 MP: 6/6
  2806 | D:4      | Found a sand-covered staircase.
  2814 | Ossuary  | Entered an ossuary
  2945 | Ossuary  | Reached skill level 5 in Maces & Flails
  2945 | Ossuary  | Reached XP level 7. HP: 44/44 MP: 7/7
  2948 | Ossuary  | Reached skill level 5 in Fighting
  3416 | Ossuary  | Reached skill level 6 in Fighting
  3416 | Ossuary  | Reached XP level 8. HP: 49/51 MP: 8/8
  3443 | Ossuary  | Reached skill level 5 in Dodging
  3593 | D:4      | Found an ornate altar of the Wu Jian Council.
  3597 | D:4      | Found a bloodstained altar of Trog.
  3603 | D:4      | Found an opulent altar of Gozag.
  3607 | D:4      | Found a hazy altar of Hepliaklqana.
  3763 | D:4      | Found an ancient bone altar of Kikubaaqudgha.
  3992 | D:4      | Found a white marble altar of Elyvilon.
  4819 | D:5      | Entered Level 5 of the Dungeon
  4829 | D:5      | Reached skill level 7 in Fighting
  5165 | D:5      | Reached XP level 9. HP: 29/57 MP: 9/9
  5414 | D:5      | Found a broken altar of Ashenzari.
  5737 | D:5      | Found a sacrificial altar of Ru.
  6040 | D:6      | Reached skill level 8 in Fighting
  6044 | D:6      | You fall into a shaft and drop 3 floors!
  6044 | D:9      | Found Edihaarchul's Armour Shop.
  6496 | D:9      | Noticed a troll
  6519 | D:9      | Killed a troll
  6917 | D:9      | Found a hide-covered altar of Uskayaw.
  7055 | D:9      | Found Cufiuh's Magic Scroll Shop.
  7099 | D:9      | Bought a scroll of identify for 28 gold pieces
  7099 | D:9      | Bought a scroll of identify for 28 gold pieces
  7099 | D:9      | Bought a scroll of identify for 28 gold pieces
  7099 | D:9      | Bought a scroll of identify for 28 gold pieces
  7131 | D:9      | Found a staircase to the Lair.
  7276 | D:9      | Reached skill level 9 in Fighting
  7398 | D:9      | Reached XP level 10. HP: 63/66 MP: 10/10
  7533 | D:8      | Found a runed translucent gate.
  7533 | D:8      | Found a runed translucent gate.
  7533 | D:8      | Found a runed translucent gate.
  7535 | D:8      | Noticed a brown ugly thing
  7538 | D:8      | Noticed a red ugly thing
  7688 | D:8      | Noticed a two-headed ogre
  7921 | D:7      | Found a staircase to the Ecumenical Temple.
  7935 | Temple   | Entered the Ecumenical Temple
  7975 | Temple   | Became a worshipper of Zin the Law-Giver
  7975 | Temple   | Reached * piety under Zin
  8025 | D:7      | Found Kyco's Magic Scroll Shoppe.
  8040 | D:7      | Found Ylyew's Jewellery Emporium.
  8215 | D:6      | Noticed Eustachio
  8249 | D:6      | Killed Eustachio
  8348 | D:6      | Found a burning altar of Makhleb.
  8968 | D:6      | HP: 2/68 [troll (4)]
  9371 | D:7      | Reached ** piety under Zin
  9677 | D:7      | Found Qexaal's Antique Armour Shoppe.
  9737 | D:7      | Reached skill level 10 in Fighting
  9738 | D:7      | Found a basalt altar of Yredelemnul.
 10406 | D:8      | Reached skill level 1 in Invocations
 11012 | Lair:1   | Entered Level 1 of the Lair of Beasts
 11246 | D:9      | Reached XP level 11. HP: 66/73 MP: 11/13
 11617 | D:9      | Found Ovenni's Weapon Boutique.
 11963 | D:10     | Entered Level 10 of the Dungeon
 12143 | D:10     | Reached *** piety under Zin
 12292 | D:10     | Reached skill level 10 in Maces & Flails
 12400 | D:10     | Found Biryziw's Armour Shop.
 12530 | D:10     | Bought a +8 chain mail of ponderousness for 322 gold pieces
 12605 | D:10     | Found a sparkling altar of Nemelex Xobeh.
 12881 | D:11     | Noticed a boulder beetle
 13349 | D:11     | Noticed Fannar
 13365 | D:10     | Reached skill level 11 in Fighting
 13818 | Lair:1   | Noticed a catoblepas
 13969 | D:9      | Zin protects you from harm!
 13974 | D:9      | Killed a catoblepas
 14517 | D:9      | Reached skill level 1 in Armour
 15175 | Lair:1   | Reached skill level 12 in Fighting
 15360 | Lair:1   | Reached XP level 12. HP: 72/81 MP: 13/15
 15378 | Lair:1   | Reached skill level 5 in Armour
 15418 | Lair:1   | Reached **** piety under Zin
 16028 | Lair:2   | Noticed Sonja
 16121 | Lair:2   | Found a staircase to the Shoals.
 16510 | Lair:2   | Noticed a seven-headed hydra
 16554 | Lair:2   | Killed a seven-headed hydra
 16555 | Lair:2   | Reached skill level 13 in Fighting
 16765 | Lair:2   | Killed Sonja
 17802 | Lair:3   | Noticed a four-headed hydra
 17821 | Lair:3   | Killed a four-headed hydra
 18314 | Lair:3   | Found a hole to the Spider Nest.
 18488 | Lair:3   | Reached skill level 14 in Fighting
 18488 | Lair:3   | Reached XP level 13. HP: 65/90 MP: 13/16
 20376 | Lair:4   | Reached skill level 10 in Armour
 20647 | Lair:5   | Entered Level 5 of the Lair of Beasts
 20717 | Lair:5   | Reached ***** piety under Zin
 21013 | Lair:5   | Reached skill level 15 in Fighting
 22262 | Lair:5   | Gained mutation: Your large and strong wings let you fly.
                  | [Gargoyle growth]
 22262 | Lair:5   | Reached XP level 14. HP: 98/98 MP: 17/17
 22405 | Lair:5   | Identified the staff of the Teaching King {rElec rPois
                  | Alchemy}
 22614 | Lair:5   | Found a viscous altar of Jiyva.
 22615 | Lair:5   | Found a staircase to the Slime Pits.
 23023 | D:11     | Killed Fannar
 23724 | D:12     | Noticed Jorgrun
 23737 | D:12     | Killed Jorgrun
 23845 | D:12     | Found a runed translucent gate.
 23845 | D:12     | Found a runed translucent gate.
 23845 | D:12     | Found a runed translucent gate.
 23847 | D:12     | Noticed t4s4d4r's ghost (journeyman DjEE)
 23873 | D:12     | Killed t4s4d4r's ghost
 24085 | D:12     | Found a staircase to the Orcish Mines.
 24094 | D:12     | Reached ****** piety under Zin
 24135 | D:12     | Identified the +11 hand axe of Bajuxtur {speed, rPois rN++
                  | Str-4}
 24223 | D:12     | Noticed Josephine
 24235 | D:12     | Killed Josephine
 24254 | D:12     | Reached skill level 16 in Fighting
 24849 | Orc:1    | Entered Level 1 of the Orcish Mines
 24967 | Orc:1    | Reached skill level 5 in Invocations
 25777 | Orc:1    | Found Cefivvaj's Distillery.
 25919 | D:7      | Bought a scroll of acquirement for 832 gold pieces
 25919 | D:7      | Acquired 605 gold pieces
 25925 | D:7      | Acquired a manual of Invocations
 25929 | D:7      | Bought a scroll of blinking for 120 gold pieces
 25929 | D:7      | Bought a scroll of blinking for 120 gold pieces
 25929 | D:7      | Bought a scroll of identify for 32 gold pieces
 25929 | D:7      | Bought a scroll of teleportation for 48 gold pieces
 26336 | Orc:2    | Entered Level 2 of the Orcish Mines
 26420 | Orc:2    | Noticed an orc warlord
 26438 | Orc:2    | Paralysed by an orc sorcerer for 3 turns
 26686 | Orc:2    | Found Jano's Antique Weapon Boutique.
 26950 | Orc:2    | Found a staircase to the Elven Halls.
 27015 | D:13     | Found Ysaon's Neck Hole.
 28422 | D:13     | Found Ytaskep's Jewellery Shoppe.
 28428 | D:13     | Bought an amulet of regeneration for 420 gold pieces
 28704 | D:14     | Found the +5 demon whip "Spellbinder" {antimagic, disrupt,
                  | Will+}
 28815 | D:14     | Reached XP level 15. HP: 54/105 MP: 20/20
 29277 | D:14     | Found Nyaro's Self-Published Books.
 29431 | D:14     | Found a transporter.
 29575 | D:14     | Acquired a manual of Dodging
 30153 | D:14     | Found a transporter.
 30258 | D:14     | Found a gate to the Vaults.
 30390 | D:15     | Entered Level 15 of the Dungeon
 30452 | D:14     | Reached skill level 17 in Fighting
 30734 | D:15     | Found a staircase to the Depths.
 30857 | D:15     | Reached skill level 10 in Invocations
 30880 | D:15     | HP: 5/107 [skeletal warrior/+4 glaive (20)]
 31775 | Orc:2    | Paralysed by an orc sorcerer for 4 turns
 31944 | Orc:2    | Found Busaceav's General Store.
 32021 | Orc:2    | Found Wean's Jewellery Shoppe.
 32032 | Orc:2    | Killed an orc warlord
 32220 | Orc:2    | Found a runed translucent door.
 32221 | Orc:2    | Found a shimmering altar of Xom.
 32221 | Orc:2    | Noticed PAMOHbI411's ghost (journeyman FeSu)
 32247 | Orc:2    | Found Jeiny's Antique Armour Shop.
 32329 | Orc:2    | Found Immyomoe's General Store.
 32576 | Orc:2    | Bought a +0 morningstar of protection for 108 gold pieces
 32576 | Orc:2    | Bought a scroll of blinking for 120 gold pieces
 32644 | Orc:1    | Bought a potion of heal wounds for 75 gold pieces
 32644 | Orc:1    | Bought a potion of heal wounds for 75 gold pieces
 32644 | Orc:1    | Bought a potion of curing for 45 gold pieces
 32644 | Orc:1    | Bought a potion of curing for 45 gold pieces
 32644 | Orc:1    | Bought a potion of curing for 45 gold pieces
 32785 | Spider:1 | Entered Level 1 of the Spider Nest
 32918 | Spider:1 | Reached skill level 15 in Maces & Flails
 33301 | Spider:1 | Reached XP level 16. HP: 112/112 MP: 24/24
 33452 | Spider:1 | Blown up by an orb spider

Illustrated notes

Levels and vault maps discovered:
D:1:      amcnicky_arrival_single_pillar, layout_basic, serial_shops, shop,
          hex_tiny
D:2:      layout_loops_ring, uniq_terence
D:3:      layout_rooms, lemuel_doored_altar, chequers_ecumenical_altar_grove,
          minivault_5
D:4:      layout_loops_corners, nicolae_overflow_hallway_of_the_gods,
          lemuel_mausoleum_altar_kikubaaqudgha, elyvilon_altar_3,
          nicolae_ossuary_entry_catacombs
D:5:      layout_basic, nicolae_ru_great_annihilating_truth,
          evilmike_ruin_ashenzari
D:6:      layout_loops_ring, mainiacjoe_overflow_surrounded_room,
          minmay_misc_feat_encased, minmay_small_thing, uniq_eustachio
D:7:      layout_basic, nicolae_yredelemnul_corpse_copse,
          minmay_temple_entry_proselytizer, serial_shops, nicolae_shop_crystal,
          nicolae_shop_pleasant_corner_grove, shop
D:8:      layout_basic, ploomutoo_gammafunk_ghost_potion_laboratory,
          minmay_misc_feat_tiny, grunt_ogre_cave
D:9:      layout_irregular_city, nicolae_uskayaw_suspiria,
          due_lair_maze_entry_diamond, serial_shops, shop, nicolae_shop_trees,
          nicolae_shop_tiny_statue_garden
D:10:     layout_loops_ring, nemelex_spade_bored_becter, serial_shops, shop
D:11:     layout_loops_ring, small_statue_intersection, uniq_fannar
D:12:     layout_irregular_city, orc_0_dummy, ebering_ghost_rock_garden,
          uniq_josephine, uniq_jorgrun
D:13:     layout_loops_ring, serial_shops, shop, serial_park_tiny_1,
          nicolae_shop_sticking_my_neck_out
D:14:     layout_loops_ring, hangedman_vaults_entry_quadrant_bands,
          chequers_serial_rivers_micro_d, nicolae_custom_books,
          nicolae_diode_stairs
D:15:     grunt_enter_depths_giant_problem, layout_loops_ring, glass_columns_b,
          minmay_puff
Temple:   nicolae_temple_superstar
Lair:1:   layout_regular_city
Lair:2:   beast_lair_carwin_large_3, layout_loops_ring,
          minmay_shoals_entry_beasts, grunt_megastairs_3, serial_bayou_shore_b,
          uniq_sonja
Lair:3:   wander_river, layout_regular_city, nicolae_spider_entry_orb_guardian,
          serial_bayou_shore_a, lemuel_fruit_tree
Lair:4:   layout_gridlike, minivault_26
Lair:5:   minmay_lair_end_enchanted_forest, layout_regular_city,
          dpeg_slime_entry_enclosed
Spider:1: layout_spider_delve
Orc:1:    minmay_goldmine, layout_caves, serial_shops, shop
Orc:2:    grunt_orc_gardens, layout_diamond_mine, grunt_orc_garden,
          grunt_orc_garden, grunt_orc_garden, grunt_orc_garden, serial_shops,
          nicolae_shop_hallway_plus, ebering_ghost_xom

Skill      XL: |  1  2  3  4  5  6  7  8  9 10 11 12 13 14 15 16 |
---------------+-------------------------------------------------+-----
Fighting       | 3 4 6 7 9 10 12 14 15 16 17 | 17.6
Dodging        | 3 4 5 7 8 |  8.7
Maces & Flails | 4 5 7 8 9 10 11 12 14 15 | 15.1
Invocations    | 2 4 7 11 | 11.8
Armour         | 4 8 10 12 13 14 | 14.0
Throwing       | |  1.7

Action                     |  1- 3 |  4- 6 |  7- 9 | 10-12 | 13-15 | 16-18 || total
---------------------------+-------+-------+-------+-------+-------+-------++-------
  Melee: Flail             |   101 |   189 |   668 |   165 |       |       ||  1123
         Punch             |     1 |     2 |     9 |     5 |       |       ||    17
         Morningstar       |       |       |       |   858 |  2189 |    37 ||  3084
 Invoke: Recite            |       |       |       |     5 |    20 |       ||    25
         Vitalisation      |       |       |       |     1 |     3 |       ||     4
         Sanctuary         |       |       |       |       |       |     1 ||     1
  Evoke: Wand              |       |       |       |    17 |    15 |       ||    32
    Use: Potion            |       |     2 |     2 |     7 |     9 |     1 ||    21
         Scroll            |       |     1 |    11 |     4 |    19 |       ||    35
   Stab: Sleeping          |     2 |       |       |       |       |       ||     2
         Distracted        |       |       |     1 |       |       |       ||     1
         Paralysed         |       |       |     1 |       |    14 |       ||    15
         Invisible         |       |       |       |       |    14 |       ||    14
         Confused          |       |       |       |       |     3 |       ||     3
         Petrified         |       |       |       |       |     4 |       ||     4
 Armour: Leather armour    |    32 |       |       |       |       |       ||    32
         Ring mail         |    25 |    89 |       |       |       |       ||   114
         Chain mail        |       |    69 |   465 |   533 |  2329 |   136 ||  3532
         Plate armour      |       |       |   123 |   588 |       |       ||   711
  Dodge: Dodged            |    75 |    98 |   319 |   532 |  1015 |    43 ||  2082
  Block: Kite shield       |       |       |       |   244 |   852 |    39 ||  1135
         Reflection        |       |       |       |     3 |    20 |       ||    23
